AoeStats
← Esrik

Arena

510413443Analyzed
1v1 RM · 16h ago on Sep 30, 2026· 48m 53s· 2 players
Game mode
Random Map
Map size
Tiny (2 player)
Population
200
Speed
Normal
Resources
Standard
Victory
Conquest
Starting age
Dark Age
Ending age
Imperial Age
RankedLock teamsTeams togetherTeam positionsShared explorationLock speedFull tech treeHidden civsTurbo modeCheats
Victory
Defeat
🇹🇷 Khitans · Türkiye
1337
+16
🇦🇷 Spanish · Argentina
1342
-16
Esrik
10:40 Feudal Age
15:13 Castle Age
13:15 Domestication
14:07 Double-Bit Axe
16:07 Wheelbarrow
16:55 Forging
16:42 Gold Mining
26:49 Bow Saw
28:34 Pastoralism
30:05 Hand Cart
29:47 Stone Mining
30:05 Husbandry
34:47 Imperial Age
33:17 Stone Shaft Mining
33:53 Iron Casting
33:24 Scale Barding Armor
34:35 Scale Mail Armor
35:39 Chain Barding Armor
35:04 Heavy Camel Rider
36:25 Ordo Cavalry
37:44 Chemistry
37:41 Plate Barding Armor
37:51 Transhumance
38:16 Fletching
38:49 Ballistics
39:33 Conscription
41:19 Two-Man Saw
41:05 Lamellar Armor
41:05 Elite Skirmisher
42:35 Thumb Ring
42:29 Bodkin Arrow
42:34 Padded Archer Armor
42:10 Elite Liao Dao
43:38 Bracer
46:03 Leather Archer Armor
45:48 Scale Mail Armor
46:29 Arson
46:45 Squires
46:32 Gambesons
47:20 Ring Archer Armor
Adorni vuelve al AGE XD
10:56 Feudal Age
14:52 Castle Age
12:58 Double-Bit Axe
13:27 Horse Collar
16:07 Town Watch
26:05 Loom
27:37 Wheelbarrow
27:16 Gold Mining
27:19 Stone Mining
32:02 Imperial Age
30:38 Forging
30:31 Scale Mail Armor
32:08 Iron Casting
31:37 Squires
32:05 Scale Barding Armor
32:32 Bow Saw
32:59 Chain Mail Armor
33:14 Conscription
33:40 Stone Shaft Mining
34:39 Blast Furnace
33:56 Bloodlines
33:46 Husbandry
33:14 Pikeman
34:11 Padded Archer Armor
33:43 Light Cavalry
35:16 Plate Mail Armor
34:39 Fletching
36:52 Scale Barding Armor
37:06 Hand Cart
37:59 Hoardings
37:24 Fletching
37:57 Heavy Plow
39:15 Masonry
39:01 Murder Holes
39:27 Ballistics
39:00 Halberdier
43:15 Chain Barding Armor
42:56 Padded Archer Armor
44:22 Chemistry
43:55 Arson
44:47 Plate Barding Armor
44:51 Architecture
44:01 Hussar
45:08 Bodkin Arrow
Connection lost

Rejoining the realm…

Still unreachable

The connection could not be restored.

Session expired

The server has moved on; the page needs a fresh start.